 Dungeon Sprint DCSS version 0.28.0-53-g5a82cb258f (webtiles) character file.

Game seed: 15984671997273402878

9 Zeld the Skirmisher (level 2, -3/28 HPs)
             Began as a Minotaur Berserker on May 25, 2022.
             Was a Follower of Trog.
             Killed from afar by an oklob sapling (31 damage)
             ... with a splash of acid
             ... in the Dungeon (Sprint IV: "Fedhas' Mad Dash").
             The game lasted 00:00:08 (255 turns).

Zeld the Skirmisher (Minotaur Berserker)             Turns: 255, Time: 00:00:08

Health: -3/28      AC:  2    Str: 21    XL:     2   Next: 6%
Magic:  1/1        EV: 12    Int:  4    God:    Trog [*.....]
Gold:   0          SH:  0    Dex:  9    Spells: 1/1 levels left

rFire   . . .      SeeInvis .   a - +0 hand axe
rCold   . . .      Faith    .   (no shield)
rNeg    . . .      Spirit   .   b - +0 animal skin
rPois   .          Reflect  .   (helmet restricted)
rElec   .          Harm     .   (no cloak)
rCorr   .          Rampage  .   (no gloves)
Will    .....      NoTele   +   (no boots)
Stlth   +.........              (no amulet)
HPRegen 0.09/turn               (no ring)
MPRegen 0.07/turn               (no ring)

@: no status effects
A: horns 2, retaliatory headbutt
a: Renounce Religion, Berserk


You were in the Dungeon.
You worshipped Trog.
Trog was aware of your devotion.
You visited 1 branch

Inventory:

Hand Weapons
 a - a +0 hand axe (weapon)
Armour
 b - a +0 animal skin (worn)
Scrolls
 h - a scroll of blinking
Potions
 c - a potion of curing
 d - a potion of heal wounds
 e - a potion of haste
 f - 2 potions of magic
 g - a potion of berserk rage


   Skills:
 * Level 4.7 Fighting
 * Level 4.6 Axes
 + Level 3.1 Armour
 + Level 2.8 Dodging


You had one spell level left.
You didn't know any spells.
Your spell library was empty.

Dungeon Overview and Level Annotations

Branches:
Dungeon (1/1)

Altars:

Annotations:
D exclusion: oklob sapling


Innate Abilities, Weirdness & Mutations

You have a pair of horns on your head.
You reflexively headbutt those who attack you in melee.


Message History

You closely miss the rat.
The river rat twitches its whiskers.
The rat barely misses you.
You barely miss the rat. The rat closely misses you.
You hit the river rat. You headbutt the river rat!
You kill the river rat!
Trog accepts your kill.
You hit the rat but do no damage. The rat closely misses you.
Your Fighting skill increases to level 4!
Your Axes skill increases to level 4!
Your Armour skill increases to level 3!
You have reached level 2!
You closely miss the rat. The rat completely misses you.
You barely miss the rat. Your headbutt misses the rat.
The rat barely misses you.
You closely miss the rat. Your headbutt misses the rat.
The rat barely misses you.
You barely miss the rat. You headbutt the rat.
You kill the rat!
Trog accepts your kill.
You see here a +0 hand axe.
You start waiting.
You start waiting.
You start waiting.
You open the door.
An oklob sapling comes into view.
Marking area around an oklob sapling as unsafe for travelling.
Found 32 gold pieces.
The oklob sapling spits acid at you. The splash of acid misses you.
There is an open door here.
Unknown command.
You hit the oklob sapling.
The oklob sapling is heavily damaged.
Unknown command.
You hit the oklob sapling but do no damage.
The oklob sapling is heavily damaged.
The oklob sapling spits acid at you. The splash of acid hits you!!
Ouch! That really hurt!
You die...

##################
#<..P#.รท...#.$$$$#
#P...'.)...@.#
#PPPP#.....#P#
##############


You could see an oklob sapling.

Vanquished Creatures
  A river rat (D)
  A rat (D)
2 creatures vanquished.

Vanquished Creatures (others)
  A fungus (D)
1 creature vanquished.

Grand Total: 3 creatures vanquished

Notes
Turn   | Place    | Note
-------+----------+-------------------------------------------
     0 | D        | Zeld the Minotaur Berserker began the quest for the Orb.
     0 | D        | Reached XP level 1. HP: 19/19 MP: 0/0
    12 | D        | Reached XP level 2. HP: 28/28 MP: 1/1
   252 | D        | Noticed an oklob sapling
   255 | D        | Killed from afar by an oklob sapling

Illustrated notes

Levels and vault maps discovered:
D:        dungeon_sprint_fedhas [sprint_temple]

Skill      XL: |  1 |
---------------+----+-----
Fighting       | 4 |  4.7
Axes           | 4 |  4.6
Armour         | 3 |  3.1
Dodging        | |  2.8

Action                   || total
-------------------------++-------
Melee: Hand axe          ||    11
       Headbutt          ||     2
Armor: Animal skin       ||     1
Dodge: Dodged            ||     7
